 Dungeon Crawl Stone Soup version bcrawl-1.28 (webtiles) character file.

Game seed: 9204967729648393107

133254 pasperui the Sneak (level 2, 0/26 HPs)
             Began as a Naga Sloth Apostle on Dec 10, 2020.
             Was an Initiate of Cheibriados.
             Slain by a kobold
             ... wielding a +0 dagger
              (2 damage)
             ... on level 1 of the Dungeon.
             The game lasted 00:00:52 (126 turns).

pasperui the Sneak (Naga Sloth Apostle)              Turns: 126, Time: 00:00:53

Health: 0/26       AC:  1    Str: 15    XL:     2   Next: 41%
Magic:  3/3        EV:  9    Int: 13    God:    Cheibriados [......]
Gold:   4          SH:  0    Dex: 11    Spells: 2/3 levels left

rFire    . . .     SeeInvis +   a - +0 falchion
rCold    . . .     Gourm    .   (no shield)
rNeg     . . .     Faith    .   b - +0 robe
rPois    +         Spirit   .   (no helmet)
rElec    .         Reflect  .   (no cloak)
rCorr    .         Harm     .   (no gloves)
MR       .....                  (no barding)
Stlth    +.........             (no amulet)
HPRegen  0.08/turn              f - ring of attention (curse)
MPRegen  0.08/turn              (no ring)

@: very slow
A: large, see invisible, deformed body, poison resistance, slowness 2, slow
metabolism 1, spit poison 1, AC +0
a: Spit Poison, Bend Time, Renounce Religion


You were on level 1 of the Dungeon.
You worshipped Cheibriados.
Cheibriados was noncommittal.
You were not hungry.

You visited 1 branch of the dungeon, and saw 1 of its levels.

You collected 4 gold pieces.

Inventory:

Hand Weapons
 a - a +0 falchion (weapon)
Armour
 b - a +0 robe (worn)
 c - a +0 medium shield
Jewellery
 f - a cursed ring of attention (left hand)
Wands
 d - a wand of paralysis (10)
Comestibles
 e - a ration {!d}
 g - a chunk of flesh


   Skills:
 - Level 2.0 Fighting
 + Level 2.9 Long Blades
 - Level 5.0 Stealth
 - Level 1.5 Shields
 - Level 1.0 Spellcasting
 - Level 1.0 Hexes
 - Level 1.0 Evocations


You had 2 spell levels left.
You knew the following spells:

 Your Spells              Type           Power        Failure   Level  Hunger
a - Slow                  Hex            #.......     19%         1    None
Your spell library was empty.

Dungeon Overview and Level Annotations

Branches:
Dungeon (1/12)

Altars:


Innate Abilities, Weirdness & Mutations

You cannot wear boots.
Your serpentine skin is tough. (AC +0)
You have supernaturally acute eyesight. (SInv)
Armour fits poorly on your strangely shaped body.
Your system is resistant to poisons. (rPois)
You cover ground very slowly.
You have a slow metabolism.
You can spit poison.


Message History

Aim: a kobold, wielding a +0 dagger The splash of poison misses the kobold.
You feel slightly more hungry.
You have got your breath back.
You closely miss the kobold. The kobold hits you with a +0 dagger.
* * * LOW HITPOINT WARNING * * *
You closely miss the kobold. The kobold closely misses you.
You hit the kobold.
The kobold is severely wounded.
The kobold hits you with a +0 dagger.
* * * LOW HITPOINT WARNING * * *
You hit the kobold but do no damage.
The kobold is severely wounded.
The kobold barely misses you.
You barely miss the kobold.
The kobold is severely wounded.
The kobold hits you but does no damage.
You hit the kobold but do no damage.
The kobold is severely wounded.
The kobold hits you with a +0 dagger.
You die...

#######.##
###.###.###.###
#....)..# #.'#'.+#'.#
#.......# ###.###.###
#.......# #.+.'.#
#.......# ###.### #
#####...####### #<# ..
..............## ###.#
#####...÷......##....#
..###...#####..K@.#
#...#...# ##†####
#.......# #†.#
#.......# ##.#
#....#### #..# ######
##.# .. #.# ..


You could see a kobold.

Vanquished Creatures
  An ooze (D:1)
  A leopard gecko (D:1)
  A hobgoblin (D:1)
  2 jackals (D:1)
  A kobold (D:1)
  A bat (D:1)
  A frilled lizard (D:1)
8 creatures vanquished.

Notes
Turn   | Place    | Note
-------+----------+-------------------------------------------
     0 | D:1      | pasperui the Naga Sloth Apostle began the quest for the
                  | Orb.
     0 | D:1      | Reached XP level 1. HP: 19/19 MP: 2/2
    23 | D:1      | Reached skill level 5 in Stealth
    92 | D:1      | Reached XP level 2. HP: 26/26 MP: 3/3
   126 | D:1      | Slain by a kobold

Skill      XL: |  1 |
---------------+----+-----
Stealth        | 5 |  5.0
Fighting       | |  2.0
Long Blades    | |  2.9
Shields        | |  1.5
Spellcasting   | |  1.0
Hexes          | |  1.0
Evocations     | |  1.0

Action                   || total
-------------------------++-------
Melee: Falchion          ||    30
 Abil: Spit Poison       ||     1
 Stab: Sleeping          ||     2
Armor: Robe              ||     8
Dodge: Dodged            ||    12
